 Dungeon Crawl Stone Soup version 0.21.0-3-g78d12a8 (webtiles) character file.

353785 Megalobster the Slayer (level 21, -8/206 HPs)
             Began as a Minotaur Berserker on Jan 9, 2018.
             Was an Elder of Trog.
             Splashed by a caustic shrike's acid (9 damage)
             ... on level 1 of the Depths.
             The game lasted 03:29:21 (50194 turns).

Megalobster the Slayer (Minotaur Berserker)        Turns: 50194, Time: 03:29:21

Health: -8/206     AC:  0    Str: 31    XL:     21   Next: 34%
Magic:  9/9        EV: 19    Int:  4    God:    Trog [****..]
Gold:   2219       SH: 10    Dex: 15    Spells: 20/20 levels left

rFire    + . .     SeeInvis .   a - +9 broad axe (antimagic)
rCold    + . .     Gourm    .   D - +2 buckler "Biudungie" {rElec Dex+2}
rNeg     + . .     Faith    .   E - +3 plate armour {rC+}
rPois    +         Spirit   .   Q - +0 hat
rElec    +         Reflect  .   e - +0 cloak
rCorr    .         Harm     .   j - +1 pair of gloves
MR       +++++                  H - +0 pair of boots
Stlth    ..........             t - amulet of regeneration
HPRegen  1.84/turn              C - ring of protection from magic
MPRegen  0.11/turn              S - ring of Juiwir {rPois rN+ Stlth+}

@: corroded, berserk cooldown, very slightly contaminated, regenerating, slowed,
very slow
A: retaliatory headbutt, horns 2, agile 1, fire resistance 1, magic resistance
1, MP-powered wands
}: 2/15 runes: decaying, gossamer
a: Berserk, Trog's Hand, Brothers in Arms, Burn Spellbooks, Renounce Religion


You were on level 1 of the Depths.
You worshipped Trog.
Trog was greatly pleased with you.
You were not hungry.

You visited 7 branches of the dungeon, and saw 37 of its levels.
You also visited: Ice Cave.

You collected 5281 gold pieces.
You spent 3062 gold pieces at shops.

Inventory:

Hand Weapons
 a - a +9 antimagic broad axe (weapon)
 b - a +2 spear of venom
 h - the +1 executioner's axe "Ziufenn" {venom, rC- rN+ Int+3}
   (Trog gifted it to you on level 1 of the Depths)

   It poisons the flesh of those it strikes.
   It affects your intelligence (+3).
   It makes you vulnerable to cold.
   It protects you from negative energy.
Missiles
 I - 23 tomahawks (quivered)
 N - 5 tomahawks of dispersal
Armour
 e - a +0 cloak (worn)
 j - a +1 pair of gloves (worn)
 y - the +0 faerie dragon scales {+Blink rElec rCorr Dex+2 Slay-6}
   (You took it off the Enchantress on level 1 of the Depths)

   It affects your dexterity (+2).
   It affects your accuracy and damage with ranged weapons and melee attacks
   (-6).
   It insulates you from electricity.
   It lets you blink.
   It protects you from acid and corrosion.
 D - the +2 buckler "Biudungie" (worn) {rElec Dex+2}
   (You bought it in a shop on level 2 of the Orcish Mines)

   It affects your dexterity (+2).
   It insulates you from electricity.
 E - a +3 plate armour of cold resistance (worn)
 H - a +0 pair of boots (worn)
 Q - a +0 hat (worn)
Jewellery
 t - an amulet of regeneration (around neck)
 C - a ring of protection from magic (left hand)
 K - an uncursed ring of flight
 M - an uncursed ring of fire
 S - the ring of Juiwir (right hand) {rPois rN+ Stlth+}
   (You found it on level 9 of the Dungeon)

   [ring of stealth]

   It protects you from poison.
   It protects you from negative energy.
   It makes you more stealthy.
 V - an uncursed ring of stealth
Wands
 o - a wand of disintegration (53)
 p - a wand of digging (31)
 F - a wand of scattershot (2)
 G - a wand of flame (105)
 R - a wand of acid (54)
 U - a wand of clouds (4)
 X - a wand of iceblast (21)
Scrolls
 d - 8 scrolls of fear
 g - 16 scrolls of teleportation
 i - 15 scrolls of remove curse
 r - 5 scrolls of identify
 s - 4 scrolls of blinking
 v - a scroll of silence
 w - a scroll of magic mapping
 z - 6 scrolls of fog
 O - a scroll of enchant weapon
Potions
 k - 7 potions of flight
 l - 8 potions of ambrosia
 m - 2 potions of brilliance
 q - 11 potions of curing
 x - 6 potions of agility
 B - 13 potions of heal wounds
 J - 3 potions of mutation
 L - 5 potions of might
 P - 7 potions of resistance
 T - 10 potions of lignification
 W - 2 potions of cancellation
 Y - 6 potions of haste
Miscellaneous
 f - a sack of spiders
 u - a fan of gales
 A - a lightning rod (4/4)
Comestibles
 c - 45 rations
 n - 2 chunks of flesh


   Skills:
 * Level 21.9 Fighting
 * Level 19.7 Axes
 * Level 20.1 Armour
 + Level 17.1 Dodging
 - Level 15.9 Shields
 - Level 10.6 Evocations


You had 20 spell levels left.
You didn't know any spells.

Dungeon Overview and Level Annotations

Branches:
Dungeon (15/15)            Temple (0/1) D:4            Lair (6/6) D:11
  Swamp (4/4) Lair:2       Spider (4/4) Lair:4        Slime (0/5) Lair:6
    Orc (2/2) D:10            Elf (0/3) Orc:2        Vaults (4/5) D:13
  Crypt (0/3) Vaults:3     Depths (2/5) D:15

Altars:
Ashenzari
Dithmenos
Elyvilon
Fedhas
Gozag
Hepliaklqana
Kikubaaqudgha
Qazlal
Trog
Vehumet
Wu Jian
Xom
Yredelemnul
Beogh
Jiyva

Shops:
D:14 :   Orc:1 =   Orc:2 !%[?*   Vaults:1 !

Portals:
Hell: Depths:1


Innate Abilities, Weirdness & Mutations

You reflexively headbutt those who attack you in melee.
You have a pair of horns on your head.
You are agile. (Dex +2)
Your flesh is heat resistant. (rF+)
You are resistant to hostile enchantments. (MR+)
You expend magic power (3 MP) to strengthen your wands.


Message History

You are exhausted.
You feel yourself slow down. You block the caustic shrike's attack.
The caustic shrike misses you.
Blink to where?
Press: ? - help, Dir - move target cursor You are very lightly contaminated with residual magic.
As you read the scroll of blinking, it crumbles to dust.
Blink to where?
Press: ? - help, Dir - move target cursor
As you read the scroll of blinking, it crumbles to dust.
There is an open door here.
Things that are here:
a robe; a dagger
Things that are here:
an animal skin; a war axe You see here a +0 troll leather armour.
The caustic shrike claws you!!
* * * LOW HITPOINT WARNING * * *
The acid corrodes you!
You are splashed with acid!
The acid burns!
You die...

####.........# #........
#######.........######....((..
.......)................####..
.....................(..# #..
................######### #..
#................# #...####..
#............[[..# #b>.#.....
#............[[..# #..b#.....
#.....(.....[b@[)# ##b.#####..
#........##[#)b..# #.bb# #..
#........#..###..# ##b..# ###
#..........⌠..#..# #...#### #
#........#.....#####...#..#####
#........###[...###...##......>
#..........###..[....##........
#########....#...§...##........
#....#.......##.....)..


You could see 2 caustic shrikes.

Vanquished Creatures
  Frederick (Vaults:4)
  A caustic shrike (Depths:1)
  the Enchantress (Depths:1)
  Jory (Vaults:4)
  Arachne (Spider:3)
  Jorgrun (Vaults:1)
  A lich (Depths:2)
  A sphinx (Vaults:2)
  2 thorn hunters (Swamp:4)
  Donald (Vaults:1)
  A deep elf sorcerer (Vaults:4)
  2 frost giants
  A balrug (Depths:2)
  5 ghost moths
  Aizul (Spider:4)
  6 vault wardens
  An orc warlord (Orc:1)
  3 emperor scorpions (Spider:4)
  5 spriggan defenders
  7 ironheart preservers
  5 entropy weavers
  A deep elf annihilator (Vaults:2)
  4 stone giants
  Nessos (D:12)
  11 very ugly things
  7 spark wasps
  3 ettins
  A merfolk javelineer (Depths:1)
  A deep elf death mage (Vaults:4)
  Snorg (D:12)
  2 fire dragons
  A merfolk impaler (Depths:1)
  5 yaktaur captains
  2 deep elf high priests (Depths:2)
  Josephine (Orc:1)
  6 great orbs of eyes
  4 rakshasas
  13 vault guards
  22 hydras
  4 spriggan air magi
  4 ice dragons
  7 centaur warriors
  2 ghost crabs (Swamp:3)
  2 catoblepae
  13 alligators
  4 tengu warriors (Depths:2)
  2 death knights
  42 two-headed ogres
  11 ogre magi
  4 deep troll earth magi
  A deep troll shaman (Depths:1)
  3 sun demons (Depths:2)
  3 soul eaters (Depths:2)
  3 spriggan berserkers
  7 deep elf knights
  4 hell knights (Depths:1)
  A titan skeleton (Vaults:4)
  9 deep trolls
  3 unseen horrors
  11 swamp dragons
  A spriggan druid (Swamp:2)
  2 glowing orange brains
  2 deep elf archers
  15 orc knights
  A wolf spider zombie (D:14)
  A harpy (shapeshifter) (Vaults:2)
  4 wizards
  4 shambling mangroves
  2 lindwurms (Swamp:4)
  Pikel (D:4)
  5 orc sorcerers
  31 wolf spiders
  A wolf spider (shapeshifter) (Vaults:3)
  12 orb spiders
  13 ironbrand convokers
  4 deep elf magi
  56 ugly things
  4 necromancers
  3 manticores
  14 cyclopes
  2 human skeletons (Vaults:4)
  A fire giant skeleton (Depths:1)
  An ice statue (IceCv)
  2 black mambas
  Joseph (D:7)
  17 vault sentinels
  3 centaur zombies
  A spiny frog (shapeshifter) (D:15)
  3 gargoyles
  3 orange demons (D:10)
  26 spiny frogs
  5 torpor snails
  A rime drake (shapeshifter) (D:11)
  2 kobold demonologists (D:15)
  A redback zombie (D:15)
  3 efreet (Depths:2)
  6 freezing wraiths
  28 yaktaurs
  14 demonic crawlers
  6 komodo dragons
  A yaktaur (shapeshifter) (Vaults:1)
  A merfolk (D:9)
  8 trolls
  26 jumping spiders
  4 red devils
  3 tengu conjurers (Depths:2)
  14 polar bears
  9 tyrant leeches
  A wind drake (shapeshifter) (Vaults:2)
  3 dream sheep (Lair:4)
  27 hornets
  Grinder (D:3)
  6 bog bodies
  32 blink frogs
  29 slime creatures
  15 hippogriffs
  Prince Ribbit (D:5)
  A stone giant simulacrum (Vaults:3)
  A hippogriff (shapeshifter) (D:13)
  A deep troll skeleton (Depths:1)
  3 flying skulls (Depths:2)
  An ettin zombie (Depths:1)
  A spriggan (shapeshifter) (Vaults:1)
  2 air elementals (Depths:2)
  5 shadows
  A yak (shapeshifter) (Vaults:3)
  2 spriggans
  A human (shapeshifter) (Vaults:4)
  A spriggan simulacrum (Depths:1)
  84 redbacks
  42 yaks
  2 water elementals (Depths:1)
  37 tarantellas
  5 wyverns
  A vampire (D:14)
  8 wraiths
  2 hungry ghosts
  Grum (Lair:1)
  A human (D:13)
  27 vampire mosquitoes
  18 swamp worms
  Edmund (D:5)
  3 soldier ants
  2 insubstantial wisps (Swamp:1)
  5 wargs
  3 acid dragons
  9 water moccasins
  Duvessa (D:5)
  5 hell hounds
  11 swamp drakes
  13 porcupines
  39 orc warriors
  5 sky beasts
  An eye of draining (D:9)
  7 ice beasts
  5 black bears
  An ettin simulacrum (Vaults:4)
  45 ogres
  9 boggarts
  A necrophage (D:10)
  4 phantoms
  35 wolves
  An elf zombie (Vaults:4)
  13 centaurs
  6 crocodiles
  A big kobold (D:11)
  Blork the orc (D:5)
  28 bullfrogs
  A glowing shapeshifter simulacrum (Vaults:2)
  A wyvern skeleton (D:14)
  4 scorpions
  Dowan (D:5)
  3 jellies
  14 killer bees
  A howler monkey (D:6)
  An electric eel (Lair:6)
  2 lava snakes (D:9)
  2 bullfrog zombies
  8 crimson imps
  2 quasits
  A human simulacrum (Vaults:1)
  4 hounds
  A gnoll shaman (D:10)
  25 orc wizards
  23 orc priests
  Crazy Yiuf (D:7)
  2 bullfrog skeletons
  6 centaur skeletons
  Ijyb (D:5)
  5 iguanas
  16 worker ants
  A hound zombie (D:9)
  A howler monkey zombie (D:6)
  2 worker ant zombies
  9 gnolls
  12 adders
  2 shadow imps
  3 adder skeletons
  A dart slug (D:2)
  6 worms
  3 leopard geckos
  110 orcs
  10 bats
  8 giant cockroaches
  6 goblins
  8 hobgoblins
  4 jackals (D:2)
  9 kobolds
  6 quokkas
  2 ball pythons
  4 frilled lizards
  6 rats
  2 briar patches (Swamp:4)
  13 fungi
  10 plants
1623 creatures vanquished.

Vanquished Creatures (collateral kills)
  An emperor scorpion (Spider:2)
  Azrael (Orc:2)
  A fire dragon (D:15)
  7 hydras
  An ice dragon (D:15)
  An ogre mage (D:13)
  A two-headed ogre (Orc:2)
  A deep elf knight (D:13)
  2 hell knights (Depths:1)
  Urug (D:15)
  A swamp dragon (Swamp:4)
  A shambling mangrove (Swamp:4)
  An orc knight (Vaults:4)
  2 orb spiders
  A deep elf mage (Vaults:4)
  An orc sorcerer (Vaults:4)
  A lindwurm (Swamp:4)
  3 trolls (Orc:2)
  2 jumping spiders (Spider:3)
  2 hornets (Swamp:4)
  2 tarantellas (Spider:3)
  2 fire elementals (Orc:2)
  5 vampire mosquitoes
  A swamp worm (Swamp:1)
  An insubstantial wisp (Swamp:1)
  A swamp drake (Swamp:4)
  3 orc warriors
  2 ogres (Orc:2)
  An orc priest (Vaults:4)
  An orc wizard (Orc:2)
  An iguana (D:10)
  2 orcs (Orc:2)
54 creatures vanquished.

Vanquished Creatures (others)
  Mara (Depths:1)
  A spriggan air mage (Depths:2)
  A deep elf knight (Vaults:2)
  4 orcs
  37 fungi
  18 plants
62 creatures vanquished.

Grand Total: 1739 creatures vanquished

Notes
Turn   | Place    | Note
-------+----------+-------------------------------------------
     0 | D:1      | Megalobster the Minotaur Berserker began the quest for the Orb.
     0 | D:1      | Reached XP level 1. HP: 19/19 MP: 0/0
   320 | D:1      | Reached XP level 2. HP: 27/27 MP: 1/1
   704 | D:2      | Found a stormy altar of Qazlal.
   706 | D:2      | Noticed a water elemental
   707 | D:2      | Noticed an earth elemental
   707 | D:2      | Noticed a fire elemental
   707 | D:2      | Noticed an air elemental
   713 | D:2      | Reached skill level 4 in Fighting
   713 | D:2      | Reached XP level 3. HP: 31/33 MP: 2/2
   745 | D:2      | Reached ** piety under Trog
  1379 | D:3      | Reached XP level 4. HP: 35/41 MP: 3/3
  1388 | D:3      | Reached skill level 5 in Axes
  1580 | D:3      | Reached XP level 5. HP: 47/47 MP: 4/4
  1831 | D:3      | Noticed Grinder
  1845 | D:3      | Killed Grinder
  1845 | D:3      | Reached skill level 5 in Fighting
  1845 | D:3      | Reached XP level 6. HP: 56/56 MP: 5/5
  2113 | D:3      | Found an ornate altar of the Wu Jian Council.
  2490 | D:2      | Found a hazy altar of Hepliaklqana.
  2490 | D:2      | Found an ancient bone altar of Kikubaaqudgha.
  2557 | D:4      | Noticed Pikel
  2559 | D:4      | Noticed a slave
  2559 | D:4      | Noticed a slave
  2560 | D:4      | Noticed a slave
  2561 | D:4      | Noticed a slave
  2564 | D:4      | Killed Pikel
  2564 | D:4      | Reached skill level 5 in Armour
  2564 | D:4      | Reached XP level 7. HP: 62/62 MP: 6/6
  2729 | D:4      | Found a staircase to the Ecumenical Temple.
  2734 | D:4      | Reached skill level 6 in Fighting
  2878 | D:4      | Reached XP level 8. HP: 35/70 MP: 7/7
  3075 | D:4      | Reached skill level 5 in Dodging
  3160 | D:4      | Got a pitted spear
  3374 | D:5      | Entered Level 5 of the Dungeon
  3469 | D:5      | Reached *** piety under Trog
  3610 | D:5      | Found an opulent altar of Gozag.
  3643 | D:5      | Noticed Prince Ribbit
  3654 | D:5      | Killed Prince Ribbit
  3839 | D:5      | Noticed Edmund
  3847 | D:5      | Killed Edmund
  4236 | D:5      | Noticed Ijyb
  4243 | D:5      | Killed Ijyb
  4285 | D:5      | Noticed Dowan
  4289 | D:5      | Noticed Duvessa
  4296 | D:5      | Killed Dowan
  4298 | D:5      | Killed Duvessa
  4298 | D:5      | Reached skill level 7 in Fighting
  4518 | D:5      | Noticed Blork the orc
  4530 | D:5      | Killed Blork the orc
  5031 | D:6      | Found a basalt altar of Yredelemnul.
  5413 | D:6      | Reached skill level 1 in Shields
  5429 | D:6      | Reached XP level 9. HP: 71/79 MP: 8/8
  5501 | D:6      | Found a blossoming altar of Fedhas.
  5557 | D:6      | Found a white marble altar of Elyvilon.
  5635 | D:6      | Found a shattered altar of Ashenzari.
  5916 | D:7      | Found a radiant altar of Vehumet.
  5934 | D:7      | Reached skill level 10 in Axes
  6215 | D:7      | Identified the cursed +1 spear of Nuvatill {flame, rF+ MR- Int+3} (You found it on level 4 of the Dungeon)
  6315 | D:7      | Reached skill level 1 in Evocations
  6376 | D:7      | Reached **** piety under Trog
  6384 | D:7      | Noticed Joseph
  6401 | D:7      | Killed Joseph
  6585 | D:7      | Found a runed door.
  6619 | D:7      | Noticed Crazy Yiuf
  6623 | D:7      | Killed Crazy Yiuf
  6692 | D:7      | Reached skill level 8 in Fighting
  6911 | D:7      | Reached XP level 10. HP: 88/88 MP: 11/11
  7301 | D:8      | Found a bloodstained altar of Trog.
  7308 | D:8      | Noticed a two-headed ogre
  7434 | D:8      | Noticed a two-headed ogre
  7452 | D:8      | Killed a two-headed ogre
  7550 | D:8      | Got an ancient long sword
  7567 | D:8      | Identified the +8 long sword of Amorality {slice, +Inv MR+ Str-2 Dex+9} (You found it on level 8 of the Dungeon)
  7598 | D:8      | Killed a two-headed ogre
  7910 | D:8      | Noticed a two-headed ogre
  7918 | D:8      | Killed a two-headed ogre
  7922 | D:8      | Reached skill level 5 in Shields
  7924 | D:8      | Noticed a two-headed ogre
  7927 | D:8      | Reached skill level 5 in Evocations
  8200 | D:8      | Killed a two-headed ogre
  8200 | D:8      | Reached skill level 9 in Fighting
  8200 | D:8      | Reached XP level 11. HP: 69/97 MP: 13/13
  9629 | D:9      | Got a coiled brass ring
  9693 | D:10     | Entered Level 10 of the Dungeon
 10430 | D:10     | Found a staircase to the Orcish Mines.
 10560 | D:10     | Identified the ring of Juiwir {rPois rN+ Stlth+} (You found it on level 9 of the Dungeon)
 11487 | D:11     | Found a staircase to the Lair.
 11607 | D:11     | Got a topaz-encrusted leather armour
 11627 | D:11     | Identified the +0 leather armour "Kaadag Ryski" {MR+ rCorr Stlth+} (You found it on level 11 of the Dungeon)
 11742 | D:11     | You fall through a shaft for 2 floors!
 11742 | D:13     | Noticed an ogre mage
 11742 | D:13     | Noticed a vault guard
 11742 | D:13     | Noticed a wizard
 11758 | D:13     | Reached XP level 12. HP: 85/106 MP: 16/16
 11929 | D:13     | Noticed a centaur warrior
 11940 | D:13     | Killed a centaur warrior
 11940 | D:13     | Reached skill level 10 in Fighting
 12043 | D:13     | Noticed a two-headed ogre
 12050 | D:13     | HP: 1/106 [two-headed ogre/giant spiked club (27)]
 12054 | D:13     | Killed a two-headed ogre
 12451 | D:12     | Found Vytigija's Book Shoppe.
 12451 | D:12     | Noticed Nessos
 12470 | D:12     | Killed Nessos
 13489 | Lair:1   | Entered Level 1 of the Lair of Beasts
 13496 | Lair:1   | Noticed Grum
 13508 | Lair:1   | Killed Grum
 13885 | Lair:1   | Reached skill level 10 in Armour
 14360 | Lair:1   | Noticed an eight-headed hydra
 14367 | Lair:1   | Killed an eight-headed hydra
 14460 | Lair:2   | Noticed a six-headed hydra
 14510 | Lair:2   | Killed a six-headed hydra
 15629 | Lair:2   | Found a staircase to the Swamp.
 17041 | Lair:3   | Reached XP level 13. HP: 111/115 MP: 18/18
 17436 | Lair:4   | Found a shimmering altar of Xom.
 17740 | Lair:4   | Reached skill level 11 in Fighting
 17824 | Lair:4   | Found a hole to the Spider Nest.
 18135 | Lair:4   | Reached skill level 10 in Dodging
 18649 | Lair:5   | Reached ***** piety under Trog
 18807 | Lair:5   | Reached skill level 15 in Axes
 19536 | Lair:6   | Entered Level 6 of the Lair of Beasts
 19970 | Lair:6   | Found a viscous altar of Jiyva.
 19970 | Lair:6   | Found a staircase to the Slime Pits.
 20428 | Lair:6   | Reached XP level 14. HP: 90/125 MP: 19/19
 20515 | Lair:6   | Received a gift from Trog
 21349 | D:11     | Gained mutation: You are resistant to hostile enchantments. (MR+) [potion of mutation]
 21349 | D:11     | Gained mutation: You expend magic power (3 MP) to strengthen your wands. [potion of mutation]
 21349 | D:11     | Gained mutation: You are agile. (Dex +2) [potion of mutation]
 21349 | D:11     | Gained mutation: Your flesh is heat resistant. (rF+) [potion of mutation]
 21390 | Orc:1    | Entered Level 1 of the Orcish Mines
 21424 | Orc:1    | Noticed Josephine
 21478 | Orc:1    | Killed Josephine
 21479 | Orc:1    | Reached skill level 12 in Fighting
 21776 | Orc:1    | Noticed an orc warlord
 21789 | Orc:1    | Killed an orc warlord
 21931 | Orc:1    | Found Racwerho's Jewellery Shop.
 22111 | Orc:2    | Entered Level 2 of the Orcish Mines
 22113 | Orc:2    | Noticed Azrael
 22124 | Orc:2    | Killed Azrael
 22124 | Orc:2    | Reached skill level 10 in Shields
 22134 | Orc:2    | Received a gift from Trog
 22475 | Orc:2    | Found a frozen archway.
 22517 | IceCv    | Entered an ice cave
 22523 | IceCv    | Reached skill level 10 in Evocations
 23086 | IceCv    | Noticed a frost giant
 23099 | IceCv    | Killed a frost giant
 23099 | IceCv    | Reached XP level 15. HP: 134/134 MP: 7/21
 23452 | Orc:2    | Found Mommagha's Distillery.
 23489 | Orc:2    | Found Icwilaq's Food Boutique.
 23494 | Orc:2    | Found Joqoqaaj's Antique Armour Shoppe.
 23495 | Orc:2    | Found Yhoigac's Magic Scroll Emporium.
 23504 | Orc:2    | Found a staircase to the Elven Halls.
 23540 | Orc:2    | Bought a scroll of random uselessness for 18 gold pieces
 23549 | Orc:2    | Bought a faintly humming buckler for 294 gold pieces
 23559 | Orc:2    | Identified the +2 buckler "Biudungie" {rElec Dex+2} (You bought it in a shop on level 2 of the Orcish Mines)
 23616 | Orc:2    | Found a roughly hewn altar of Beogh.
 23629 | Orc:2    | Found Puaditue's Practical Paraphernalia.
 23974 | Orc:2    | Bought a potion of heal wounds for 70 gold pieces
 23974 | Orc:2    | Bought a potion of curing for 42 gold pieces
 23974 | Orc:2    | Bought a potion of agility for 56 gold pieces
 23974 | Orc:2    | Bought a potion of heal wounds for 70 gold pieces
 23974 | Orc:2    | Bought 2 potions of cancellation for 224 gold pieces
 23974 | Orc:2    | Bought a potion of resistance for 140 gold pieces
 23974 | Orc:2    | Bought a potion of heal wounds for 70 gold pieces
 23974 | Orc:2    | Bought a potion of resistance for 140 gold pieces
 23974 | Orc:2    | Bought a potion of haste for 140 gold pieces
 23974 | Orc:2    | Bought a potion of mutation for 112 gold pieces
 23985 | Orc:2    | Bought a scroll of teleportation for 54 gold pieces
 23985 | Orc:2    | Bought a scroll of teleportation for 54 gold pieces
 23985 | Orc:2    | Bought 2 scrolls of enchant armour for 270 gold pieces
 23985 | Orc:2    | Bought a scroll of fear for 63 gold pieces
 24152 | D:12     | Noticed Snorg
 24159 | D:12     | Killed Snorg
 25388 | D:13     | Reached skill level 13 in Fighting
 25547 | D:13     | Received a gift from Trog
 25896 | D:13     | Found a gate to the Vaults.
 26434 | D:14     | Found Ruleb's Book Shop.
 26953 | D:15     | Entered Level 15 of the Dungeon
 27319 | D:15     | Reached ****** piety under Trog
 27392 | D:15     | Noticed Urug
 27399 | D:15     | Killed Urug
 27429 | D:15     | Found a staircase to the Depths.
 27791 | D:15     | Reached XP level 16. HP: 144/144 MP: 7/22
 27792 | D:15     | Received a gift from Trog
 28666 | Swamp:1  | Entered Level 1 of the Swamp
 29329 | Swamp:1  | Reached skill level 14 in Fighting
 31612 | Swamp:4  | Entered Level 4 of the Swamp
 31686 | Swamp:4  | Received a gift from Trog
 31686 | Swamp:4  | Reached skill level 15 in Fighting
 31926 | Swamp:4  | Noticed a thorn hunter
 31938 | Swamp:4  | Killed a thorn hunter
 32012 | Swamp:4  | Got a decaying rune of Zot
 32072 | Swamp:4  | Noticed a thorn hunter
 32098 | Swamp:4  | Reached XP level 17. HP: 156/156 MP: 7/23
 33138 | Spider:1 | Entered Level 1 of the Spider Nest
 33374 | Spider:1 | Reached skill level 16 in Fighting
 33610 | Spider:1 | Received a gift from Trog
 34563 | Spider:2 | Reached skill level 15 in Armour
 35200 | Spider:2 | Received a gift from Trog
 36121 | Spider:3 | Reached skill level 17 in Fighting
 36330 | Spider:3 | Got a crude chain mail
 36374 | Spider:3 | Identified the +5 chain mail "Qemar" {Int+2 Stlth+} (You found it on level 3 of the Spider Nest)
 36457 | Spider:3 | Noticed Arachne
 36479 | Spider:3 | Killed Arachne
 36692 | Spider:4 | Entered Level 4 of the Spider Nest
 36762 | Spider:4 | Received a gift from Trog
 36792 | Spider:4 | Reached XP level 18. HP: 168/170 MP: 8/24
 37642 | Spider:4 | Noticed Aizul
 37661 | Spider:4 | Killed Aizul
 37948 | Spider:4 | Reached skill level 18 in Fighting
 38335 | Spider:4 | Received a gift from Trog
 38806 | Spider:4 | Got a gossamer rune of Zot
 39307 | Vaults:1 | Entered Level 1 of the Vaults
 39570 | Vaults:1 | Reached skill level 15 in Shields
 39600 | Vaults:1 | Noticed Donald
 39605 | Vaults:1 | Killed Donald
 39689 | Vaults:1 | Reached skill level 15 in Dodging
 39720 | Vaults:1 | Identified a scroll of acquirement
 39721 | Vaults:1 | Got a warped cloak
 39732 | Vaults:1 | Identified the -2 cloak "Uczaah" {rElec rC- rN+ Regen+} (You acquired it on level 1 of the Vaults)
 40046 | Vaults:1 | Received a gift from Trog
 40077 | Vaults:1 | Found Qecuwk's Distillery.
 40104 | Vaults:1 | Bought 2 potions of haste for 300 gold pieces
 40104 | Vaults:1 | Bought a potion of might for 60 gold pieces
 40104 | Vaults:1 | Bought a potion of ambrosia for 120 gold pieces
 40104 | Vaults:1 | Bought a potion of heal wounds for 75 gold pieces
 40104 | Vaults:1 | Bought 2 potions of agility for 120 gold pieces
 40104 | Vaults:1 | Bought a potion of agility for 60 gold pieces
 40104 | Vaults:1 | Bought a potion of haste for 150 gold pieces
 40550 | Vaults:1 | Reached skill level 19 in Fighting
 41066 | Vaults:1 | Noticed Jorgrun
 41078 | Vaults:1 | Killed Jorgrun
 41078 | Vaults:1 | Reached XP level 19. HP: 182/182 MP: 8/25
 41836 | Vaults:2 | Got a crystal hand axe
 41837 | Vaults:2 | Identified the +6 hand axe of Demonkind {freeze, rC+ rN+ Dex+3} (You found it on level 2 of the Vaults)
 42651 | Vaults:2 | Got an ancient shield
 42662 | Vaults:2 | Identified the +4 shield "Zeit" {Str+6} (You acquired it on level 2 of the Vaults)
 43183 | Vaults:3 | Received a gift from Trog
 43529 | Orc:2    | Bought a scroll of brand weapon for 360 gold pieces
 43812 | Vaults:3 | Reached skill level 20 in Fighting
 44640 | Vaults:3 | Found a staircase to the Crypt.
 44907 | Vaults:3 | Received a gift from Trog
 45156 | Vaults:3 | Reached XP level 20. HP: 192/195 MP: 8/26
 45485 | Vaults:4 | Noticed Frederick
 45498 | Vaults:4 | Killed Frederick
 46263 | Vaults:4 | Noticed Jory
 46286 | Vaults:4 | Killed Jory
 46286 | Vaults:4 | Received a gift from Trog
 46287 | Vaults:4 | Reached skill level 21 in Fighting
 46744 | Vaults:4 | Received a gift from Trog
 47383 | Depths:1 | Entered Level 1 of the Depths
 47392 | Depths:1 | Noticed Mara
 47397 | Depths:1 | Noticed Megalobster's illusion
 47485 | Depths:1 | Killed Mara
 47500 | Depths:1 | Noticed the Enchantress
 47556 | Depths:1 | Killed the Enchantress
 47752 | Depths:1 | Got faerie dragon scales
 47772 | D:15     | Identified the +0 faerie dragon scales {+Blink rElec rCorr Dex+2 Slay-6} (You took it off the Enchantress on level 1 of the Depths)
 48011 | Depths:1 | Received a gift from Trog
 48029 | Depths:1 | Got a scorched executioner's axe {god gift}
 48030 | Depths:1 | Identified the +1 executioner's axe "Ziufenn" {venom, rC- rN+ Int+3} (Trog gifted it to you on level 1 of the Depths)
 48294 | Depths:1 | Noticed a caustic shrike
 48303 | Depths:1 | Killed a caustic shrike
 48303 | Depths:1 | Reached XP level 21. HP: 205/205 MP: 9/27
 48740 | Depths:1 | Found a gateway to Hell.
 49538 | Depths:2 | Found a shadowy altar of Dithmenos.
 49543 | Depths:2 | Received a gift from Trog
 50034 | Depths:2 | Found a shattered altar of Ashenzari.
 50065 | Depths:2 | Noticed a caustic shrike
 50116 | Depths:2 | Noticed a caustic shrike
 50122 | Depths:2 | Noticed a caustic shrike
 50124 | Depths:2 | Noticed a caustic shrike
 50124 | Depths:2 | Noticed a caustic shrike
 50187 | Depths:1 | HP: 13/309 [acid (6)]
 50194 | Depths:1 | HP: 1/206 [caustic shrike (26)]
 50194 | Depths:1 | Splashed by a caustic shrike's acid

Skill      XL: |  1  2  3  4  5  6  7  8  9 10 11 12 13 14 15 16 17 18 19 20 21 |
---------------+----------------------------------------------------------------+-----
Axes           | 4 5 6 7 9 10 11 13 14 15 16 18 19 | 19.7
Fighting       | 4 5 6 7 8 9 10 11 12 13 15 17 19 20 21 | 21.9
Armour         | 3 4 5 6 7 8 9 10 11 12 13 14 15 16 18 19 20 | 20.1
Dodging        | 3 4 6 7 8 9 10 11 12 13 14 15 16 17 | 17.1
Shields        | 1 3 5 6 8 9 10 11 13 14 15 | 15.9
Evocations     | 3 5 7 8 9 10 | 10.6

Action                   |  1- 3 |  4- 6 |  7- 9 | 10-12 | 13-15 | 16-18 | 19-21 || total
-------------------------+-------+-------+-------+-------+-------+-------+-------++-------
Melee: Hand axe          |    69 |       |       |       |       |       |       ||    69
       Headbutt          |     7 |    12 |    44 |   138 |   284 |   395 |   309 ||  1189
       War axe           |     3 |    58 |   207 |   639 |   617 |       |       ||  1524
       Spear             |       |       |       |    17 |    22 |     7 |       ||    46
       Broad axe         |       |       |       |       |   456 |  1250 |   905 ||  2611
Throw: Tomahawk          |       |       |       |       |       |     1 |       ||     1
Invok: Berserk           |     1 |     3 |    13 |    26 |    40 |    33 |    32 ||   148
       Trog's Hand       |       |     1 |     7 |    13 |    22 |    14 |    21 ||    78
       Brothers in Arms  |       |       |       |     3 |     4 |     9 |     7 ||    23
       Burn Spellbooks   |       |       |       |       |     5 |       |     3 ||     8
Evoke: Wand              |       |       |       |     3 |    30 |    10 |     4 ||    47
  Use: Scroll            |       |       |     6 |    14 |     9 |     7 |    10 ||    46
       Potion            |       |       |       |     3 |     9 |     3 |     4 ||    19
 Stab: Distracted        |     1 |       |     1 |     1 |       |       |     1 ||     4
       Sleeping          |       |     4 |     5 |     3 |       |       |       ||    12
       Held in net/web   |       |       |       |       |       |     1 |       ||     1
  Eat: Chunk             |     1 |     7 |    25 |    78 |    86 |    38 |    34 ||   269
       Ration            |       |       |     1 |       |       |    11 |    12 ||    24
Armor: Animal skin       |     9 |       |       |       |       |       |       ||     9
       Leather armour    |     8 |    13 |    29 |    24 |       |       |       ||    74
       Troll leather arm |       |       |     8 |    67 |       |       |       ||    75
       Plate armour      |       |       |       |    39 |   227 |   679 |   274 ||  1219
       Skin              |       |       |       |    16 |     4 |    25 |       ||    45
       Ice dragon scales |       |       |       |       |   139 |       |       ||   139
Dodge: Dodged            |    55 |    37 |   128 |   259 |   446 |   808 |   411 ||  2144
Block: Shield            |       |       |    27 |   332 |   394 |       |       ||   753
       Buckler           |       |       |       |       |   116 |   600 |   353 ||  1069
